 Dungeon Crawl Stone Soup version 0.21.1-1-g345015fe64 (webtiles) character file.

499 McKennaii the Magician (level 6, -1/32 HPs)
             Began as a Deep Elf Ice Elementalist on June 12, 2018.
             Slain by an orc
             ... wielding a +0 trident
              (8 damage)
             ... on level 5 of the Dungeon.
             The game lasted 00:08:29 (3755 turns).

McKennaii the Magician (Deep Elf Ice Elementalist)  Turns: 3755, Time: 00:08:29

Health: -1/32      AC:  4    Str:  5    XL:     6   Next: 94%
Magic:  16/17      EV: 13    Int: 22    God:
Gold:   130        SH:  0    Dex: 15    Spells: 7/17 levels left

rFire    . . .     SeeInvis .   j - +1 dagger (chaos)
rCold    + . .     Gourm    .   (no shield)
rNeg     . . .     Faith    .   a - +0 robe
rPois    .         Spirit   .   p - +0 helmet
rElec    .         Reflect  .   f - +0 cloak
rCorr    .         Harm     .   (no gloves)
MR       .....                  (no boots)
Stlth    +++.......             m - amulet of magic regeneration
HPRegen  0.10/turn              q - ring of protection from cold
MPRegen  0.40/turn              (no ring)

@: no status effects
A: no striking features
a: no special abilities


You were on level 5 of the Dungeon.
You were near starving.

You visited 2 branches of the dungeon, and saw 6 of its levels.

You collected 130 gold pieces.

Inventory:

Hand Weapons
 j - a +1 dagger of chaos (weapon)
 o - a +3 dagger
Armour
 a - a +0 robe (worn)
 f - a +0 cloak (worn)
 h - a +1 leather armour of poison resistance
 p - a +0 helmet (worn)
Magical Staves
 s - an uncursed staff of poison
Jewellery
 m - an amulet of magic regeneration (around neck)
 q - a ring of protection from cold (left hand)
Scrolls
 e - 3 scrolls of enchant weapon {unknown}
 g - a scroll of teleportation {unknown}
 k - 4 scrolls of identify {unknown}
 l - 3 scrolls of enchant armour {unknown}
 r - a scroll of noise {unknown}
Potions
 d - a potion of invisibility {unknown}
 i - 4 potions of brilliance {unknown}
 n - 2 potions of curing {unknown}
 t - a potion of degeneration {unknown}
 u - a potion of lignification
Books
 b - a book of Frost

   Spells                             Type                      Level
   a - Freeze                         Ice                          1
   b - Throw Frost                    Conjuration/Ice              2
   c - Ozocubu's Armour               Charms/Ice                   3
   d - Throw Icicle                   Conjuration/Ice              4
   e - Summon Ice Beast               Ice/Summoning                4
Comestibles
 c - 5 rations


   Skills:
 + Level 0.1 Fighting
 + Level 0.1 Short Blades
 + Level 2.5 Dodging
 * Level 3.6 Stealth
 * Level 6.2 Spellcasting
 + Level 1.9 Conjurations
 * Level 2.3 Summonings
 * Level 6.0 Ice Magic


You had 7 spell levels left.
You knew the following spells:

 Your Spells              Type           Power        Failure   Level  Hunger
a - Freeze                Ice            ####         1%          1    None
b - Throw Frost           Conj/Ice       ###...       2%          2    None
c - Ozocubu's Armour      Chrm/Ice       ###.....     8%          3    #......
d - Summon Ice Beast      Ice/Summ       ####....     16%         4    ###....


Dungeon Overview and Level Annotations

Branches:
Dungeon (5/15)             Temple (1/1) D:4

Altars:
Ashenzari
Cheibriados
Dithmenos
Elyvilon
Fedhas
Gozag
Kikubaaqudgha
Okawaru
Qazlal
Ru
Trog
Xom
Zin
Lugonu


Message History

The orc barely misses you.
You hit the orc.
The orc seems to slow down.
The orc is heavily wounded.
The orc misses you.
The phantom blinks!
The orc hits you but does no damage.
Unknown command.
You hit the orc. Lightning courses through the orc!
You kill the orc!
The orc barely misses you. The phantom hits you.
The phantom blinks!
You are too injured to fight recklessly!
Casting: Summon Ice Beast
Confirm with . or Enter, or press ? or * to list all spells.
Aiming: Freeze
Press: ? - help, Shift-Dir - straight line, f - orc
Aim: an orc, wielding a morningstar and wearing a leather armour You freeze the orc.
The orc is moderately wounded.
The orc hits you with a morningstar!
* * * LOW HITPOINT WARNING * * *
The orc hits you from afar with a trident!
You die...

#......#......(#.......#.#
#......#.....<....._.....#
#......#.......#.......#
#.....##.......#.......#
#.....##...##W.##.....##
#...###.####.####.#
.....#.............#
.....+....o...###### ...
#...)@..## ##..ยง...#
#.o....# ........#
..........# ..........#
#.#.......# ._...##...#


You could see a phantom and 2 orcs.

Vanquished Creatures
  An ogre (D:4)
  A centaur (D:3)
  2 worker ants
  Robin (D:2)
  4 gnolls
  4 adders
  2 oozes
  An adder skeleton (D:5)
  4 dart slugs
  8 orcs
  8 bats
  12 giant cockroaches
  8 hobgoblins
  2 jackals (D:3)
  2 ball pythons
  2 frilled lizards
  18 goblins
  9 kobolds
  2 leopard gecko skeletons (D:4)
  A quokka skeleton (D:4)
  6 rats
98 creatures vanquished.

Vanquished Creatures (collateral kills)
  Duvessa (D:4)
  Dowan (D:4)
  An orc (D:5)
3 creatures vanquished.

Grand Total: 101 creatures vanquished

Notes
Turn   | Place    | Note
-------+----------+-------------------------------------------
     0 | D:1      | McKennaii the Deep Elf Ice Elementalist began the quest for the Orb.
     0 | D:1      | Reached XP level 1. HP: 10/10 MP: 6/6
   236 | D:1      | Reached XP level 2. HP: 15/15 MP: 2/8
   240 | D:1      | Learned a level 2 spell: Throw Frost
   459 | D:1      | Reached XP level 3. HP: 19/19 MP: 2/10
  1323 | D:2      | Noticed Robin
  1373 | D:2      | Killed Robin
  1373 | D:2      | Reached XP level 4. HP: 24/24 MP: 1/12
  1398 | D:2      | Learned a level 3 spell: Ozocubu's Armour
  1403 | D:2      | Learned a level 4 spell: Summon Ice Beast
  2033 | D:3      | Reached skill level 5 in Ice Magic
  2054 | D:3      | Noticed a centaur
  2067 | D:3      | Killed a centaur
  2067 | D:3      | Reached skill level 5 in Spellcasting
  2067 | D:3      | Reached XP level 5. HP: 22/28 MP: 3/14
  2455 | D:3      | Found a shimmering altar of Xom.
  2515 | D:4      | Noticed Duvessa
  2515 | D:4      | Noticed Dowan
  2653 | D:4      | Reached skill level 1 in Summonings
  2707 | D:4      | Reached XP level 6. HP: 27/32 MP: 13/16
  2766 | D:4      | Found a snail-covered altar of Cheibriados.
  2851 | D:4      | Found an iron altar of Okawaru.
  2962 | D:4      | Found a staircase to the Ecumenical Temple.
  2995 | Temple   | Entered the Ecumenical Temple
  3093 | D:4      | Killed Duvessa
  3097 | D:4      | Killed Dowan
  3218 | D:4      | Found a shadowy altar of Dithmenos.
  3372 | D:4      | Found a shimmering altar of Xom.
  3603 | D:4      | Found a sacrificial altar of Ru.
  3682 | D:5      | Entered Level 5 of the Dungeon
  3733 | D:5      | Found a bloodstained altar of Trog.
  3746 | D:5      | Found a shattered altar of Ashenzari.
  3755 | D:5      | Slain by an orc

Skill      XL: |  1  2  3  4  5  6 |
---------------+-------------------+-----
Ice Magic      | 4 5 6 |  6.0
Spellcasting   | 4 5 6 |  6.2
Stealth        | 3 |  3.6
Summonings     | 1 2 |  2.3
Fighting       | |  0.1
Short Blades   | |  0.1
Dodging        | |  2.5
Conjurations   | |  1.9

Action                   |  1- 3 |  4- 6 || total
-------------------------+-------+-------++-------
Melee: Unarmed           |     7 |       ||     7
       Dagger            |     6 |    29 ||    35
 Cast: Freeze            |    41 |    42 ||    83
       Throw Frost       |    21 |    60 ||    81
       Summon Ice Beast  |       |     5 ||     5
  Use: Potion            |       |     1 ||     1
 Stab: Sleeping          |     4 |     2 ||     6
       Distracted        |       |     1 ||     1
       Petrified         |       |     1 ||     1
  Eat: Chunk             |     1 |     7 ||     8
Armor: Robe              |    10 |    13 ||    23
       Skin              |       |     7 ||     7
Dodge: Dodged            |    21 |    40 ||    61
